 Dungeon Crawl Stone Soup version 0.29-a0-284-gf9362112df (webtiles) character file.

Game seed: 1921132063645373623

4570 garrulousMonolith the Cleaver (level 10, -3/89 HPs)
             Began as a Hill Orc Monk on Mar 25, 2022.
             Was a Believer of Beogh.
             Slain by a yak (12 damage)
             ... on level 7 of the Dungeon.
             The game lasted 00:10:42 (8267 turns).

garrulousMonolith the Cleaver (Hill Orc Monk)       Turns: 8267, Time: 00:10:43

Health: -3/89      AC: 17    Str: 19    XL:     10   Next: 41%
Magic:  13/16      EV:  9    Int: 10    God:    Beogh [**....]
Gold:   278        SH:  0    Dex: 13    Spells: 9/9 levels left

rFire   . . .      SeeInvis .   a - +0 war axe
rCold   . . .      Faith    .   (no shield)
rNeg    . . .      Spirit   .   s - +0 storm dragon scales
rPois   .          Reflect  .   (no helmet)
rElec   +          Harm     .   (no cloak)
rCorr   +          Rampage  .   (no gloves)
Will    .....                   (no boots)
Stlth   ..........              (no amulet)
HPRegen 0.24/turn               r - ring of resist corrosion
MPRegen 0.15/turn               d - +4 ring of protection

@: no status effects
A: no striking features
a: Renounce Religion, Smiting


You were on level 7 of the Dungeon.
You worshipped Beogh.
Beogh was pleased with you.
You visited 1 branch of the dungeon, and saw 8 of its levels.

You collected 278 gold pieces.

Inventory:

Hand Weapons
 a - a +0 war axe (weapon)
 b - a +0 hunting sling
 c - a +0 trident
 o - a +0 halberd
 A - a +0 bardiche
 C - a +0 morningstar
Missiles
 g - 2 throwing nets
 h - 146 stones
 i - 6 javelins
 k - 12 poisoned darts (quivered)
 x - 4 curare-tipped darts
 z - 4 boomerangs
Armour
 s - +0 storm dragon scales (worn)
Jewellery
 d - a +4 ring of protection (right hand)
 r - a ring of resist corrosion (left hand)
 E - a ring of flight
 F - a ring of fire
Wands
 f - a wand of polymorph (16)
 l - a wand of iceblast (8)
 w - a wand of mindburst (17)
Scrolls
 e - 3 scrolls of immolation
 j - a scroll of fear
 m - a scroll of silence {unknown}
 p - a scroll of fog {unknown}
 t - a scroll of noise {unknown}
 y - a scroll of amnesia {unknown}
 B - a scroll of magic mapping {unknown}
Potions
 n - a potion of magic
 q - a potion of cancellation
 v - a potion of attraction {unknown}
 D - 2 potions of brilliance {unknown}
 G - a potion of haste {unknown}


   Skills:
 + Level 8.3 Fighting
 * Level 12.2 Axes
 + Level 6.6 Armour
 - Level 5.0 Dodging
 - Level 1.5 Stealth
 + Level 8.0 Invocations


You had 9 spell levels left.
You didn't know any spells.
Your spell library contained the following spells:

 Spells                   Type           Power      Damage    Failure   Level
 Slow                     Hex            0%         N/A       98%         1
 Corpse Rot               Necr/Air       0%         N/A       99%         2
 Poisonous Vapours        Pois/Air       0%         N/A       99%         2
 Scorch                   Fire           0%         2d5       99%         2
 Confusing Touch          Hex            0%         N/A       100%        3
 Vampiric Draining        Necr           0%         2d6       100%        3
 Flame Wave               Conj/Fire      0%         2d4       100%        4
 Summon Cactus Giant      Summ           0%         N/A       100%        6


Dungeon Overview and Level Annotations

Branches:
Dungeon (8/15)             Temple (0/1) D:7
   Lair: D:8-11

Altars:
Uskayaw

Shops:
D:6 (


Message History

The yak is moderately wounded.
You hit the yak. You barely miss the yak. You barely miss the yak.
The yak is moderately wounded.
You hit the yak. You closely miss the yak.
The yak gores you but does no damage. The yak closely misses you.
The yak gores you but does no damage.
You hit the yak.
The yak is heavily wounded.
You hit the yak but do no damage. You hit the yak. The yak gores you!
* * * LOW HITPOINT WARNING * * *
The yak gores you but does no damage. The yak gores you.
* * * LOW HITPOINT WARNING * * *
You slash the yak!
The yak is severely wounded.
You hit the yak. You slash the yak! The yak gores you but does no damage.
The yak gores you!
* * * LOW HITPOINT WARNING * * *
The yak gores you but does no damage.
You feel much better. The yak gores you!
* * * LOW HITPOINT WARNING * * *
The yak gores you.
* * * LOW HITPOINT WARNING * * *
The yak gores you but does no damage.
Aiming: Smiting
Press: ? - help, Dir - move target, f - yak Smite: a yak (severely wounded)
You smite the yak!
You kill the yak!
Beogh accepts your kill. The yak gores you.
* * * LOW HITPOINT WARNING * * *
The yak barely misses you.
You closely miss the yak.
The yak is severely wounded.
The yak gores you but does no damage.
You hit the yak.
The yak is almost dead.
The yak gores you!
You die...

#..# #.## #.# #.# ..#
### #############
#...@YY.....#
############.####Y.###.#
#............####..###.#
#.##.##.###..#.......#.#
#.##.##.# #..#.##..#.#.#
#...)##.#
#............###
##..####.#
#....###...<...#
#......#.# ######
#.#.###.# #........#
#.#.###.#


You could see 3 yaks.

Vanquished Creatures
  A two-headed ogre (D:8)
  Pikel (D:6)
  9 yaks
  Grum (D:8)
  An orc warrior (D:8)
  3 sky beasts
  2 ice beasts
  A black bear (D:6)
  4 wolves
  A lemure (D:6)
  2 phantoms
  A kobold brigand (D:8)
  2 bullfrogs (D:7)
  2 scorpions
  A howler monkey (D:6)
  A hound (D:5)
  2 gnoll shamans
  2 orc priests
  2 jellies (D:7)
  2 iguanas (D:6)
  6 orc wizards
  6 gnolls
  9 adders
  A shadow imp (D:7)
  A white imp (D:7)
  4 dart slugs
  23 orcs
  4 ball pythons
  5 bats
  6 endoplasms
  4 giant cockroaches
  7 goblins
  5 hobgoblins
  12 kobolds
  4 quokkas
  A frilled lizard (D:2)
  2 rats
141 creatures vanquished.

Vanquished Creatures (collateral kills)
  A bullfrog (D:8)
1 creature vanquished.

Vanquished Creatures (others)
  An orc warrior (D:8)
  2 orc priests (D:8)
  3 orcs
  An endoplasm (D:2)
  A goblin (D:2)
  A hobgoblin (D:2)
  A kobold (D:2)
10 creatures vanquished.

Grand Total: 152 creatures vanquished

Notes
Turn   | Place    | Note
-------+----------+-------------------------------------------
     0 | D:1      | garrulousMonolith the Hill Orc Monk began the quest for the
                  | Orb.
     0 | D:1      | Reached XP level 1. HP: 19/19 MP: 1/1
   142 | D:1      | Reached XP level 2. HP: 27/27 MP: 2/2
   612 | D:1      | Reached skill level 1 in Invocations
   719 | D:1      | Found a faded altar of an unknown god.
   939 | D:2      | Reached XP level 3. HP: 18/33 MP: 3/3
  1099 | D:2      | Reached skill level 1 in Armour
  1133 | D:2      | Became a worshipper of Beogh the Brigand
  1133 | D:2      | Reached * piety under Beogh
  1133 | D:2      | Reached ** piety under Beogh
  1329 | D:2      | Reached XP level 4. HP: 33/40 MP: 5/5
  1546 | D:2      | Reached skill level 5 in Axes
  2495 | D:3      | Reached XP level 5. HP: 46/47 MP: 6/6
  2837 | D:4      | Found a hide-covered altar of Uskayaw.
  2976 | D:4      | Reached skill level 6 in Axes
  2976 | D:4      | Reached XP level 6. HP: 24/53 MP: 3/8
  3580 | D:5      | Entered Level 5 of the Dungeon
  3741 | D:5      | Noticed a sky beast
  3775 | D:5      | Killed a sky beast
  4385 | D:5      | Reached skill level 5 in Fighting
  4385 | D:5      | Reached XP level 7. HP: 57/61 MP: 9/9
  4423 | D:6      | Reached *** piety under Beogh
  4424 | D:6      | Reached skill level 7 in Axes
  4786 | D:6      | Found Aselu's Weapon Boutique.
  4891 | D:6      | Reached XP level 8. HP: 56/69 MP: 11/11
  4912 | D:6      | Reached skill level 8 in Axes
  5537 | D:7      | Noticed Pikel
  5690 | D:6      | Killed Pikel
  5691 | D:6      | Reached skill level 9 in Axes
  5691 | D:6      | Reached skill level 5 in Invocations
  5848 | D:7      | Reached XP level 9. HP: 78/78 MP: 13/13
  6087 | D:7      | Reached skill level 10 in Axes
  6087 | D:7      | Reached skill level 5 in Armour
  6470 | D:7      | Found a staircase to the Ecumenical Temple.
  6547 | D:7      | Reached skill level 5 in Dodging
  6846 | D:7      | You fall into a shaft and drop 1 floor!
  6858 | D:8      | Noticed Grum
  7375 | D:7      | Reached skill level 11 in Axes
  7449 | D:7      | Reached XP level 10. HP: 27/88 MP: 15/15
  7717 | D:8      | Killed Grum
  7899 | D:8      | Noticed a two-headed ogre
  7904 | D:8      | Killed a two-headed ogre
  7910 | D:8      | Reached skill level 12 in Axes
  8267 | D:7      | Slain by a yak

Illustrated notes

Levels and vault maps discovered:
D:1:      psy_arrival_spokes, layout_loops_ring,
          shapermc_ecumenical_altar_mp_vishouse
D:2:      layout_rooms
D:3:      layout_rooms
D:4:      layout_basic, nicolae_uskayaw_dance_hall
D:5:      layout_loops_ring, chequers_serial_rivers_room_a
D:6:      layout_loops_ring, serial_shops, nicolae_shop_bloodbath_and_beyond
D:7:      layout_loops_cross, minmay_temple_entry_drinking_statues, uniq_pikel
D:8:      layout_cave_pools, minmay_circle_x, uniq_grum

Skill      XL: |  1  2  3  4  5  6  7  8  9 10 |
---------------+-------------------------------+-----
Invocations    | 1 2 3 4 5 7 8 |  8.0
Armour         | 1 2 3 4 6 |  6.6
Fighting       | 4 5 6 7 8 |  8.3
Axes           | 5 6 7 9 11 12 | 12.2
Dodging        | 3 4 5 |  5.0
Stealth        | |  1.5

Action                   |  1- 3 |  4- 6 |  7- 9 | 10-12 || total
-------------------------+-------+-------+-------+-------++-------
Melee: Hand axe          |   104 |   147 |       |       ||   251
       War axe           |       |   112 |   259 |    48 ||   419
       Punch             |       |       |     1 |       ||     1
 Fire: Hunting sling     |       |    26 |       |       ||    26
Throw: Dart              |       |     2 |    21 |       ||    23
Invok: Convert to Beogh  |     1 |       |       |       ||     1
       Smiting           |       |     1 |       |     7 ||     8
Evoke: Wand              |       |     1 |       |       ||     1
  Use: Scroll            |     4 |     3 |     3 |       ||    10
       Potion            |       |     3 |     5 |     1 ||     9
 Stab: Sleeping          |     2 |       |       |       ||     2
Armor: Robe              |     8 |       |       |       ||     8
       Ring mail         |    36 |     5 |       |       ||    41
       Chain mail        |       |    51 |       |       ||    51
       Scale mail        |       |    14 |       |       ||    14
       Storm dragon scal |       |   144 |   181 |    33 ||   358
Dodge: Dodged            |    59 |   119 |   128 |    35 ||   341

Table legend: (Time is in decaauts)
 A = Elapsed time spent in this place.
 B = Non-inter-level travel time spent in this place.
 C = Inter-level travel time spent in this place.
 D = Time resting spent in this place.
 E = Time spent auto-exploring this place.
 F = Levels seen in this place.
 G = Mean time per level.
                   A        B        C        D        E       F      G
               +--------+--------+--------+--------+--------+-----+--------+
         Total |   8341 |   8175 |    166 |   1850 |   4760 |   8 | 1042.6 |
       Dungeon |   8341 |   8175 |    166 |   1850 |   4760 |   8 | 1042.6 |
               +--------+--------+--------+--------+--------+-----+--------+

Top non-repeatable levels by time:
     D:7: 2239 daAuts
     D:6: 1381 daAuts
     D:1: 1065 daAuts
     D:4: 981 daAuts
     D:3: 846 daAuts
     D:5: 837 daAuts
     D:2: 731 daAuts
     D:8: 259 daAuts
